 Dungeon Crawl Stone Soup version 0.26-b1-32-g5d43845318 (webtiles) character file.

Game seed: 8270555755035741515

1304 dohliylev the Covert (level 8, 0/43 HPs)
             Began as a Vampire Enchanter on Jan 9, 2021.
             Was a Follower of Dithmenos.
             Slain by Duvessa
             ... wielding a +0 rapier
              (3 damage)
             ... on level 5 of the Dungeon.
             The game lasted 00:17:02 (6809 turns).

dohliylev the Covert (Vampire Enchanter)            Turns: 6809, Time: 00:17:02

Health: 0/43       AC:  8    Str:  7    XL:     8   Next: 31%
Magic:  6/11       EV: 13    Int: 20    God:    Dithmenos [*.....]
Gold:   343        SH:  0    Dex: 14    Spells: 5/11 levels left

rFire    . . .     SeeInvis +   l - +2 dagger (venom)
rCold    + + .     Faith    +   (no shield)
rNeg     + + +     Spirit   .   q - +1 robe {Will+}
rPois    ∞         Reflect  .   x - +2 helmet
rElec    .         Harm     .   z - +1 cloak {Will+}
rCorr    .         Rampage  .   (no gloves)
Will     ++...                  (no boots)
Stlth    +++++++++.             g - amulet of faith
HPRegen  0.00/turn              p - ring of wizardry
MPRegen  0.12/turn              (no ring)

@: confusing touch, bloodless, wreathed by umbra
A: fangs 3, see invisible, unbreathing
a: Bat Form, Revivify, Renounce Religion


You were on level 5 of the Dungeon.
You worshipped Dithmenos.
Dithmenos was aware of your devotion.
You visited 2 branches of the dungeon, and saw 7 of its levels.

You collected 343 gold pieces.

Inventory:

Hand Weapons
 l - a +2 dagger of venom (weapon)
Armour
 q - a +1 robe of willpower (worn)
 x - a +2 helmet (worn)
 z - a +1 cloak of willpower (worn)
Jewellery
 g - an amulet of faith (around neck)
 p - a ring of wizardry (left hand)
Wands
 u - a wand of disintegration (16)
Scrolls
 a - 6 scrolls of identify
 b - 3 scrolls of teleportation {unknown}
 c - 2 scrolls of enchant armour {unknown}
 f - a scroll of noise {unknown}
 i - 5 scrolls of remove curse
 m - 4 scrolls of fear {unknown}
 o - 3 scrolls of blinking {unknown}
 s - a scroll of random uselessness {unknown}
 v - a scroll of magic mapping {unknown}
 w - 2 scrolls of enchant weapon {unknown}
 y - a scroll of amnesia {unknown}
Potions
 d - 6 potions of heal wounds {unknown}
 e - 5 potions of degeneration {unknown}
 h - a potion of experience {unknown}
 j - 3 potions of lignification {unknown}
 k - a potion of brilliance {unknown}
 n - a potion of haste {unknown}
 r - 4 potions of curing {unknown}
 t - a potion of invisibility {unknown}


   Skills:
 + Level 1.3 Fighting
 - Level 1.1 Short Blades
 + Level 3.1 Dodging
 - Level 13.4 Stealth
 - Level 2.0 Spellcasting
 - Level 6.0 Hexes
 - Level 3.2 Ice Magic


You had 5 spell levels left.
You knew the following spells:

 Your Spells              Type           Power        Failure   Level
a - Corona                Hex            28%          1%          1
b - Ensorcelled Hibernat  Hex/Ice        40%          1%          2
c - Confusing Touch       Hex            26%          1%          3

Your spell library contained the following spells:

 Spells                   Type           Power        Failure   Level
 Tukima's Dance           Hex            26%          1%          3
 Dazzling Flash           Conj/Hex       28%          6%          3
 Gell's Gravitas          Tloc           1%           19%         3
 Metabolic Englaciation   Hex/Ice        10%          26%         5
 Yara's Violent Unravell  Hex/Tmut       7%           43%         5
 Petrify                  Tmut/Erth      2%           50%         4


Dungeon Overview and Level Annotations

Branches:
Dungeon (6/15)             Temple (1/1) D:4

Altars:
Ashenzari
Dithmenos
Elyvilon
Fedhas
Gozag
Hepliaklqana
Makhleb
Nemelex Xobeh
Okawaru
Ru
Sif Muna
Uskayaw
Vehumet
Wu Jian
Xom
Yredelemnul
Zin

Annotations:
D:5 Duvessa


Innate Abilities, Weirdness & Mutations

You do not regenerate when monsters are visible.
You are frail without blood (-20% HP).
You can heal yourself when you bite living creatures.
You are immune to poison.
You have razor-sharp teeth.
You have supernaturally acute eyesight. (SInv)
You can survive without breathing.


Message History

Aiming: Corona (safe; 1% risk of failure)
Press: ? - help, Q - select action, (/) - cycle Shift-Dir - straight line, f - Duvessa
Aim: Duvessa, wielding a +0 rapier and wearing a +0 scale mail (berserk, umbra, chance to affect: 50%)
Okay, then.
Casting: Corona (safe; 1% risk of failure)
Confirm with . or Enter, or press ? or * to list all spells.
Your hands begin to glow red.
Duvessa completely misses you.
You hit Duvessa but do no damage. Duvessa barely misses you.
Duvessa completely misses you.
You hit Duvessa but do no damage. Duvessa hits you with a +0 rapier!!
Ouch! That really hurt!
Duvessa hits you with a +0 rapier. Duvessa hits you with a +0 rapier!
* * * LOW HITPOINT WARNING * * *
Casting: Confusing Touch (safe; 1% risk of failure)
Confirm with . or Enter, or press ? or * to list all spells.
Your hands begin to glow brighter.
Duvessa completely misses you.
You hit Duvessa but do no damage. Your bite misses Duvessa.
Duvessa hits you with a +0 rapier.
You die...

## ##. ##### # ##..
#._.# # #...###...# #
#∩#...## # ##...## #
##...## #######
##e..### ......###
##@..##.# #####...#
#...##... # ###.##
##.......# # #..###
#........# #
##...###........# #
###.)[[[.......#
#######...###....##
#####.#_#...#......###
#.....#'#####..###.#


You could see Duvessa (berserk).

Vanquished Creatures
  Sigmund (D:2)
  Eustachio (D:4)
  A phantom (D:5)
  A sky beast (D:6)
  Blork the orc (D:4)
  A bullfrog (D:6)
  A scorpion (D:5)
  Dowan (D:5)
  A howler monkey (D:5)
  An electric eel (D:6)
  2 centaur zombies
  A jelly (D:5)
  An orc wizard (D:5)
  Terence (D:2)
  An iguana (D:5)
  4 worker ants
  A hound skeleton (D:6)
  Robin (D:3)
  4 gnolls (D:4)
  3 adders
  A shadow imp (D:5)
  3 adder skeletons (D:4)
  4 worms
  3 dart slugs
  2 leopard geckos
  22 orcs
  10 giant cockroaches
  19 goblins
  11 hobgoblins
  2 jackals (D:4)
  2 quokkas
  A ball python (D:3)
  5 bats
  8 frilled lizards
  A jackal skeleton (D:4)
  7 kobolds
  A leopard gecko skeleton (D:4)
  A quokka skeleton (D:5)
  2 rats
134 creatures vanquished.

Vanquished Creatures (others)
  2 withered plants (D:5)
2 creatures vanquished.

Grand Total: 136 creatures vanquished

Notes
Turn   | Place    | Note
-------+----------+-------------------------------------------
     0 | D:1      | dohliylev the Vampire Enchanter began the quest for the
                  | Orb.
     0 | D:1      | Reached XP level 1. HP: 13/13 MP: 3/3
   497 | D:1      | Reached XP level 2. HP: 15/15 MP: 3/5
   500 | D:1      | Learned a level 2 spell: Ensorcelled Hibernation
   607 | D:1      | Reached skill level 5 in Stealth
  1157 | D:2      | Reached skill level 5 in Hexes
  1405 | D:2      | You fall into a shaft and drop 1 floor!
  1409 | D:3      | Reached XP level 3. HP: 19/19 MP: 1/6
  1561 | D:3      | Reached skill level 6 in Stealth
  1745 | D:2      | Found an opulent altar of Gozag.
  1842 | D:2      | Noticed Terence
  1846 | D:2      | Killed Terence
  1847 | D:2      | Reached XP level 4. HP: 24/24 MP: 7/7
  2178 | D:2      | Reached skill level 7 in Stealth
  2195 | D:2      | Noticed Sigmund
  2211 | D:2      | Killed Sigmund
  2212 | D:2      | Reached skill level 9 in Stealth
  2212 | D:2      | Reached skill level 1 in Ice Magic
  2212 | D:2      | Reached XP level 5. HP: 28/28 MP: 8/8
  2660 | D:3      | Found a hazy altar of Hepliaklqana.
  2689 | D:3      | Reached XP level 6. HP: 32/32 MP: 9/9
  2869 | D:3      | Found a faded altar of an unknown god.
  2924 | D:3      | Noticed Robin
  3218 | D:4      | Noticed Blork the orc
  3224 | D:4      | Killed Blork the orc
  3440 | D:4      | Reached skill level 10 in Stealth
  3622 | D:4      | Learned a level 3 spell: Confusing Touch
  3737 | D:4      | Found a shadowy altar of Dithmenos.
  3741 | D:4      | Became a worshipper of Dithmenos the Shadowed
  3747 | D:4      | Found a staircase to the Ecumenical Temple.
  3771 | Temple   | Entered the Ecumenical Temple
  4027 | D:4      | Found an ornate altar of the Wu Jian Council.
  4029 | D:4      | Noticed Eustachio
  4039 | D:4      | Killed Eustachio
  4040 | D:4      | Reached skill level 11 in Stealth
  4040 | D:4      | Reached XP level 7. HP: 36/36 MP: 10/10
  4329 | D:4      | Found a blossoming altar of Fedhas.
  4386 | D:3      | Killed Robin
  4814 | D:3      | Found a white marble altar of Elyvilon.
  5028 | D:5      | Entered Level 5 of the Dungeon
  5088 | D:5      | Reached * piety under Dithmenos
  5325 | D:5      | Noticed Dowan
  5355 | D:5      | Reached skill level 12 in Stealth
  5368 | D:5      | Found a sparkling altar of Nemelex Xobeh.
  5462 | D:5      | Found a basalt altar of Yredelemnul.
  5657 | D:6      | Reached XP level 8. HP: 26/41 MP: 5/11
  5808 | D:6      | Reached skill level 13 in Stealth
  6254 | D:6      | Reached skill level 1 in Fighting
  6744 | D:5      | Killed Dowan
  6789 | D:5      | Found a shimmering blue altar of Sif Muna.
  6795 | D:5      | Identified Sif Muna's Reference Book on Execration
  6799 | D:5      | Noticed Duvessa
  6809 | D:5      | Slain by Duvessa

Illustrated notes

Levels and vault maps discovered:
D:1:      amcnicky_arrival_gap_in_the_tavern_cellar, layout_basic
D:2:      layout_basic, nicolae_gozag_seed_capital, uniq_sigmund, uniq_terence
D:3:      layout_loops_ring, nicolae_overflow_crystal_walls,
          lemuel_coloured_pillars_altar, chequers_ecumenical_altar_island,
          uniq_robin
D:4:      layout_loops_ring, marbit_many_paths, nzn_wu_jian_contemplation,
          minmay_temple_entry_mist, grunt_dithmenos_smoke, uniq_blork_the_orc,
          uniq_eustachio
D:5:      layout_rooms, yredelemnul_altar_generic, kennysheep_mini,
          nzn_overflow_gifts_of_might_and_magic, kennysheep_minor_cross,
          uniq_crazy_yiuf_cottage
D:6:      layout_layer_cave, st_stairs_2, minivault_4, dk_noncrumbling_3
Temple:   grunt_temple_mini_profane

Skill      XL: |  1  2  3  4  5  6  7  8 |
---------------+-------------------------+-----
Stealth        | 5 6 9 11 12 13 | 13.4
Hexes          | 5 6 |  6.0
Ice Magic      | 1 2 3 |  3.2
Fighting       | 1 |  1.3
Dodging        | 3 |  3.1
Short Blades   | |  1.1
Spellcasting   | |  2.0

Action                   |  1- 3 |  4- 6 |  7- 9 || total
-------------------------+-------+-------+-------++-------
Melee: Dagger            |    66 |   127 |   123 ||   316
       Bite              |     6 |    10 |     4 ||    20
 Cast: Corona            |     1 |       |     1 ||     2
       Ensorcelled Hiber |     8 |     9 |    23 ||    40
       Confusing Touch   |       |       |     6 ||     6
 Abil: Exsanguinate      |     1 |       |       ||     1
  Use: Scroll            |       |       |     2 ||     2
 Stab: Sleeping          |    21 |    22 |    28 ||    71
       Confused          |       |       |     1 ||     1
Armor: Robe              |     6 |    18 |    18 ||    42
Dodge: Dodged            |    26 |    58 |    54 ||   138
